3A
EUGENE VANDALS @ COLUMBIA RIVER RATS
05/19/2037
 
TOP OF THE 1ST
Eugene Vandals batting - Pitching for Columbia River Rats : RHP Sammy Reed
Pitching: RHP Sammy Reed
Batting: RHB António Reyes 0-0: Ball
1-0: Called Strike
1-1: Swinging Strike
1-2: Strikes out swinging
Batting: RHB Albert McBride 0-0: Called Strike
0-1: Ball
1-1: SINGLE (Line Drive, 78S, EV 103.8 MPH)
Batting: LHB Robby Sinor 0-0: Called Strike
0-1: Swinging Strike
0-2: Fly out, F7 (Flyball, 78D, EV 99.4 MPH)
Batting: RHB Chico Custardoi 0-0: Fly out, F9 (Flyball, 9S, EV 90.6 MPH)
Top of the 1st over - 0 runs, 1 hit, 0 errors, 1 left on base; Eugene 0 - Columbia 0
BOTTOM OF THE 1ST
Columbia River Rats batting - Pitching for Eugene Vandals : RHP Luis Varela
Pitching: RHP Luis Varela
Batting: LHB Roderick Bonden 0-0: SOLO HOME RUN (Flyball, 9LD, EV 89.4 MPH), Distance : 341 ft
Batting: RHB Don Parker 0-0: Ground out 5-3 (Groundball, 56, EV 109.4 MPH)
Batting: RHB Carsello Scruggins 0-0: Ball
1-0: Foul Ball, location: 2F
1-1: Ground out 6-3 (Groundball, 6, EV 96.9 MPH)
Batting: LHB DeMarvion Overshown 0-0: Ball
1-0: Ball
2-0: Called Strike
2-1: Ball
3-1: Base on Balls
Batting: RHB Bruno Williams 0-0: Ball
1-0: Called Strike
1-1: Foul Ball, location: 2F
1-2: Ball
2-2: Foul Ball, location: 2F
2-2: Ball
3-2: Fly out, F8 (Flyball, 78D, EV 103.1 MPH)
Bottom of the 1st over - 1 run, 1 hit, 0 errors, 1 left on base; Eugene 0 - Columbia 1
TOP OF THE 2ND
Eugene Vandals batting - Pitching for Columbia River Rats : RHP Sammy Reed
Batting: RHB Myeong-keun Kim 0-0: Swinging Strike
0-1: Ball
1-1: Fly out, F8 (Flyball, 8RXD, EV 91.2 MPH)
Batting: RHB Alejandro Hernández 0-0: Foul Ball, location: 2F
0-1: Ground out 5-3 (Groundball, 5S, EV 65.6 MPH)
Batting: LHB Jejomar Mondoy 0-0: Called Strike
0-1: Ball
1-1: Ground out 6-3 (Groundball, 6, EV 103.8 MPH)
Top of the 2nd over - 0 runs, 0 hits, 0 errors, 0 left on base; Eugene 0 - Columbia 1
BOTTOM OF THE 2ND
Columbia River Rats batting - Pitching for Eugene Vandals : RHP Luis Varela
Batting: RHB Kieran Hansen 0-0: Ball
1-0: Ball
2-0: Foul Ball, location: 2F
2-1: Ball
3-1: SINGLE (Groundball, 4, EV 86.2 MPH) (infield hit)
Batting: LHB José Ocasio 0-0: Ball
1-0: Ball
2-0: Foul Ball, location: 2F
2-1: Foul Ball, location: 2F
2-2: Strikes out swinging
Batting: RHB Francis Raffone 0-0: Called Strike
0-1: Ball
1-1: Ball
2-1: Fly out, F8 (Flyball, 8LS, EV 90.0 MPH)
Batting: RHB Dan Olson 0-0: Called Strike
0-1: Foul Ball, location: 2F
0-2: Foul Ball, location: 2F
0-2: Fly out, F9 (Line Drive, 9S, EV 92.5 MPH)
Bottom of the 2nd over - 0 runs, 1 hit, 0 errors, 1 left on base; Eugene 0 - Columbia 1
TOP OF THE 3RD
Eugene Vandals batting - Pitching for Columbia River Rats : RHP Sammy Reed
Batting: RHB Per Coppens 0-0: Ball
1-0: Called Strike
1-1: Called Strike
1-2: Strikes out looking
Batting: RHB Manuel Manríques 0-0: Ball
1-0: Ball
2-0: Fly out, F8 (Flyball, 8RS, EV 97.5 MPH)
Batting: RHB António Reyes 0-0: Called Strike
0-1: Swinging Strike
0-2: Reached on error, E9 (Flyball, 89M, EV 80.6 MPH)
Batting: RHB Albert McBride 0-0: Called Strike
0-1: Ball
1-1: SINGLE (Line Drive, 8LS, EV 104.4 MPH)
António Reyes to third
Batting: LHB Robby Sinor 0-0: SINGLE (Line Drive, 4D, EV 98.8 MPH)
António Reyes scores
Albert McBride to second
Batting: RHB Chico Custardoi 0-0: Called Strike
0-1: Called Strike
0-2: Ball
1-2: Ball
2-2: Ball
3-2: Strikes out swinging
Top of the 3rd over - 1 run, 2 hits, 1 error, 2 left on base; Eugene 1 - Columbia 1
BOTTOM OF THE 3RD
Columbia River Rats batting - Pitching for Eugene Vandals : RHP Luis Varela
Batting: LHB Roderick Bonden 0-0: Called Strike
0-1: Called Strike
0-2: Ball
1-2: Ball
2-2: Ground out 4-3 (Groundball, 4, EV 81.9 MPH)
Batting: RHB Don Parker 0-0: Ground out U3 (Groundball, 3, EV 105.0 MPH)
Batting: RHB Carsello Scruggins 0-0: Called Strike
0-1: Ball
1-1: Foul Ball, location: 2F
1-2: Strikes out swinging
Bottom of the 3rd over - 0 runs, 0 hits, 0 errors, 0 left on base; Eugene 1 - Columbia 1
TOP OF THE 4TH
Eugene Vandals batting - Pitching for Columbia River Rats : RHP Sammy Reed
Batting: RHB Myeong-keun Kim 0-0: Fly out, F9 (Flyball, 9LMF, EV 110.6 MPH)
Batting: RHB Alejandro Hernández 0-0: Called Strike
0-1: DOUBLE (Groundball, 5L, EV 105.0 MPH)
Batting: LHB Jejomar Mondoy 0-0: Ball
1-0: Ball
2-0: Foul Ball, location: 2F
2-1: Ball
3-1: Base on Balls
Batting: RHB Per Coppens 0-0: Swinging Strike
0-1: Fly out, F9 (Flyball, 9, EV 98.8 MPH)
Batting: RHB Manuel Manríques 0-0: Foul Ball, location: 2F
0-1: Ball
1-1: Fly out, F8 (Flyball, 8RM, EV 83.1 MPH)
Top of the 4th over - 0 runs, 1 hit, 0 errors, 2 left on base; Eugene 1 - Columbia 1
BOTTOM OF THE 4TH
Columbia River Rats batting - Pitching for Eugene Vandals : RHP Luis Varela
Batting: LHB DeMarvion Overshown 0-0: SINGLE (Groundball, 6MD, EV 98.1 MPH)
Batting: RHB Bruno Williams 0-0: Ball
1-0: Ball
2-0: Foul Ball, location: 2F
2-1: Foul Ball, location: 2F
2-2: Fielders Choice at 2nd, 6-4 (Groundball, 6, EV 86.2 MPH)
Batting: RHB Kieran Hansen 0-0: Fly out, F4 (Popup, 4M, EV 70.6 MPH)
Batting: LHB José Ocasio 0-0: Ball
1-0: Called Strike
1-1: Ball
2-1: Ball
3-1: Fly out, F7 (Flyball, 7D, EV 101.2 MPH)
Bottom of the 4th over - 0 runs, 1 hit, 0 errors, 1 left on base; Eugene 1 - Columbia 1
TOP OF THE 5TH
Eugene Vandals batting - Pitching for Columbia River Rats : RHP Sammy Reed
Batting: RHB António Reyes 0-0: Ball
1-0: Called Strike
1-1: Ball
2-1: Called Strike
2-2: Foul Ball, location: 2F
2-2: Foul Ball, location: 2F
2-2: SINGLE (Line Drive, 89S, EV 103.1 MPH)
Batting: RHB Albert McBride 0-0: Bunted foul
0-1: Bunt - Flyout to P! F1
Batting: LHB Robby Sinor 0-0: Called Strike
0-1: Ball
1-1: Ball
António Reyes is caught stealing 2nd base 2-6
2-1: Foul Ball, location: 2F
2-2: Foul Ball, location: 2F
2-2: Fly out, F3 (Popup, 3SF, EV 83.8 MPH)
Top of the 5th over - 0 runs, 1 hit, 0 errors, 0 left on base; Eugene 1 - Columbia 1
BOTTOM OF THE 5TH
Columbia River Rats batting - Pitching for Eugene Vandals : RHP Luis Varela
Batting: RHB Francis Raffone 0-0: Foul Ball, location: 2F
0-1: Ball
1-1: Ball
2-1: Foul Ball, location: 2F
2-2: Ground out 6-3 (Groundball, 6, EV 88.8 MPH)
Batting: RHB Dan Olson 0-0: Fly out, F9 (Flyball, 89D, EV 92.5 MPH)
Batting: LHB Roderick Bonden 0-0: Ball
1-0: SINGLE (Flyball, 9S, EV 86.9 MPH)
Batting: RHB Don Parker 0-0: Called Strike
0-1: Fielders Choice at 2nd, 6-4 (Groundball, 6, EV 80.6 MPH)
Bottom of the 5th over - 0 runs, 1 hit, 0 errors, 1 left on base; Eugene 1 - Columbia 1
TOP OF THE 6TH
Eugene Vandals batting - Pitching for Columbia River Rats : RHP Sammy Reed
Batting: RHB Chico Custardoi 0-0: Ball
1-0: Ground out 6-3 (Groundball, 6, EV 85.6 MPH)
Batting: RHB Myeong-keun Kim 0-0: Ball
1-0: Foul Ball, location: 2F
1-1: Foul Ball, location: 2F
1-2: Fly out, F8 (Flyball, 8LS, EV 93.1 MPH)
Batting: RHB Alejandro Hernández 0-0: Foul Ball, location: 2F
0-1: Ball
1-1: Fly out, F4 (Flyball, 34D, EV 84.4 MPH)
Top of the 6th over - 0 runs, 0 hits, 0 errors, 0 left on base; Eugene 1 - Columbia 1
BOTTOM OF THE 6TH
Columbia River Rats batting - Pitching for Eugene Vandals : RHP Luis Varela
Batting: RHB Carsello Scruggins 0-0: Ball
1-0: Fly out, F3 (Popup, 3L, EV 56.2 MPH)
Batting: LHB DeMarvion Overshown 0-0: Ball
1-0: Ball
2-0: Foul Ball, location: 2F
2-1: Ball
3-1: Called Strike
3-2: Foul Ball, location: 2F
3-2: Ground out 6-3 (Groundball, 6M, EV 82.5 MPH)
Batting: RHB Bruno Williams 0-0: Ball
1-0: Foul Ball, location: 2F
1-1: Foul Ball, location: 2F
1-2: Ball
2-2: Ball
3-2: Fly out, F3 (Popup, 3SF, EV 75.0 MPH)
Bottom of the 6th over - 0 runs, 0 hits, 0 errors, 0 left on base; Eugene 1 - Columbia 1
TOP OF THE 7TH
Eugene Vandals batting - Pitching for Columbia River Rats : RHP Sammy Reed
Batting: LHB Jejomar Mondoy 0-0: Ball
1-0: Swinging Strike
1-1: Hit by Pitch
Batting: RHB Per Coppens 0-0: Bunt missed!
0-1: Bunted foul
0-2: Ball
1-2: Foul Ball, location: 2F
1-2: Foul Ball, location: 2F
1-2: Foul Ball, location: 2F
1-2: Foul Ball, location: 2F
1-2: Ball
2-2: Foul Ball, location: 2F
2-2: SINGLE (Groundball, 6MD, EV 94.4 MPH)
Jejomar Mondoy to second
Pitching: LHP Taro Kishita
Batting: RHB Manuel Manríques 0-0: Ball
1-0: Called Strike
1-1: Sac Bunt to 23 - play at first, batter OUT! 3-4
Jejomar Mondoy to third
Per Coppens to second
Batting: RHB António Reyes 0-0: Ball
1-0: Ground out 4-3 (Groundball, 4, EV 88.1 MPH)
Batting: RHB Albert McBride 0-0: Ground out 5-3 (Groundball, 56S, EV 89.4 MPH)
Top of the 7th over - 0 runs, 1 hit, 0 errors, 2 left on base; Eugene 1 - Columbia 1
BOTTOM OF THE 7TH
Columbia River Rats batting - Pitching for Eugene Vandals : RHP Luis Varela
Batting: RHB Kieran Hansen 0-0: Called Strike
0-1: Ball
1-1: Ground out 1-3 (Groundball, 13S, EV 75.0 MPH)
Batting: LHB José Ocasio 0-0: Swinging Strike
0-1: Called Strike
0-2: Ground out 4-3 (Groundball, 4S, EV 78.1 MPH)
Batting: RHB Francis Raffone 0-0: SINGLE (Line Drive, 8RS, EV 95.0 MPH)
Batting: RHB Dan Olson 0-0: Called Strike
0-1: Ball
1-1: Swinging Strike
1-2: Fielders Choice at 2nd, 6-4 (Groundball, 6, EV 86.2 MPH)
Bottom of the 7th over - 0 runs, 1 hit, 0 errors, 1 left on base; Eugene 1 - Columbia 1
TOP OF THE 8TH
Eugene Vandals batting - Pitching for Columbia River Rats : LHP Taro Kishita
Batting: LHB Robby Sinor 0-0: Called Strike
0-1: Ball
1-1: Ball
2-1: Ball
3-1: Base on Balls
Batting: RHB Chico Custardoi 0-0: Ball
1-0: Fly out, F2 (Popup, 25F, EV 87.5 MPH)
Batting: RHB Myeong-keun Kim 0-0: Called Strike
0-1: Foul Ball, location: 2F
0-2: Fly out, F8 (Flyball, 8LS, EV 90.0 MPH)
Batting: RHB Alejandro Hernández 0-0: Called Strike
0-1: Ball
1-1: Ball
2-1: Fly out, F9 (Flyball, 9, EV 90.6 MPH)
Top of the 8th over - 0 runs, 0 hits, 0 errors, 1 left on base; Eugene 1 - Columbia 1
BOTTOM OF THE 8TH
Columbia River Rats batting - Pitching for Eugene Vandals : RHP Luis Varela
Batting: LHB Roderick Bonden 0-0: Ground out U3 (Groundball, 3, EV 95.0 MPH)
Batting: RHB Don Parker 0-0: Ball
1-0: Ball
2-0: Called Strike
2-1: Foul Ball, location: 2F
2-2: Strikes out swinging
Batting: RHB Carsello Scruggins 0-0: Swinging Strike
0-1: Ball
1-1: Swinging Strike
1-2: Strikes out swinging
Bottom of the 8th over - 0 runs, 0 hits, 0 errors, 0 left on base; Eugene 1 - Columbia 1
TOP OF THE 9TH
Eugene Vandals batting - Pitching for Columbia River Rats : LHP Taro Kishita
Batting: LHB Jejomar Mondoy 0-0: Called Strike
0-1: Ground out 4-3 (Groundball, 4, EV 86.2 MPH)
Pinch Hitting: RHB Xiao-yong Chu 0-0: Ball
1-0: Foul Ball, location: 2F
1-1: Ball
2-1: Swinging Strike
2-2: Strikes out swinging
Pinch Hitting: RHB Pakarati Girawheen 0-0: Called Strike
0-1: Foul Ball, location: 2F
0-2: Fly out, F9 (Flyball, 9, EV 98.1 MPH)
Top of the 9th over - 0 runs, 0 hits, 0 errors, 0 left on base; Eugene 1 - Columbia 1
BOTTOM OF THE 9TH
Columbia River Rats batting - Pitching for Eugene Vandals : RHP Luis Varela
Now at C: Jorge Cruz
Now at SS: Pakarati Girawheen
Batting: LHB DeMarvion Overshown 0-0: Called Strike
0-1: Ball
1-1: Ball
2-1: Fly out, F6 (Flyball, 56D, EV 86.9 MPH)
Batting: RHB Bruno Williams 0-0: Called Strike
0-1: Foul Ball, location: 2F
0-2: Ball
1-2: Ball
2-2: SINGLE (Flyball, 8RS, EV 92.5 MPH)
Pitching: RHP Tanosuke Ikeda
Batting: RHB Kieran Hansen 0-0: Called Strike
0-1: Ball
1-1: Ball
2-1: Ball
3-1: Foul Ball, location: 2F
3-2: Foul Ball, location: 2F
3-2: Base on Balls
Bruno Williams to second
Batting: LHB José Ocasio 0-0: Ball
1-0: Ball
2-0: Ball
3-0: Foul Ball, location: 2F
3-1: Base on Balls
Bruno Williams to third
Kieran Hansen to second
Batting: RHB Francis Raffone 0-0: Called Strike
0-1: Ball
1-1: Called Strike
1-2: Strikes out swinging
Batting: RHB Dan Olson 0-0: Called Strike
0-1: Fly out, F7 (Line Drive, 7, EV 110.6 MPH)
Bottom of the 9th over - 0 runs, 1 hit, 0 errors, 3 left on base; Eugene 1 - Columbia 1
TOP OF THE 10TH
Eugene Vandals batting - Pitching for Columbia River Rats : LHP Taro Kishita
Pitching: RHP Mario Sánchez
Batting: RHB António Reyes 0-0: Ball
1-0: Swinging Strike
1-1: Called Strike
1-2: Strikes out swinging
Batting: RHB Albert McBride 0-0: Ball
1-0: Ball
2-0: Ball
3-0: Called Strike
3-1: SINGLE (Line Drive, 89M, EV 84.4 MPH)
Batting: LHB Robby Sinor 0-0: Ball
1-0: Called Strike
1-1: Swinging Strike
1-2: Strikes out swinging
Batting: RHB Chico Custardoi 0-0: Ball
1-0: Ball
2-0: Foul Ball, location: 2F
2-1: Ball
3-1: Base on Balls
Albert McBride to second
Batting: RHB Myeong-keun Kim 0-0: Ball
1-0: Foul Ball, location: 2RF, Error on foul ball, E2
1-1: Ball
2-1: Foul Ball, location: 2F
2-2: Foul Ball, location: 2F
2-2: Foul Ball, location: 2F
2-2: Strikes out swinging
Top of the 10th over - 0 runs, 1 hit, 1 error, 2 left on base; Eugene 1 - Columbia 1
BOTTOM OF THE 10TH
Columbia River Rats batting - Pitching for Eugene Vandals : RHP Tanosuke Ikeda
Pitching: RHP Luis Castro
Batting: LHB Roderick Bonden 0-0: Ball
1-0: Called Strike
1-1: Swinging Strike
1-2: SINGLE (Line Drive, 8LS, EV 94.4 MPH)
Batting: RHB Don Parker 0-0: Foul Ball, location: 2F
0-1: Ball
1-1: Swinging Strike
1-2: Ball
2-2: Foul Ball, location: 2F
2-2: Strikes out looking
Batting: RHB Carsello Scruggins 0-0: Ball
1-0: Called Strike
1-1: Called Strike
1-2: Strikes out swinging
Batting: LHB DeMarvion Overshown 0-0: Ball
1-0: Ball
2-0: Ball
3-0: Base on Balls
Roderick Bonden to second
Batting: RHB Bruno Williams 0-0: Ball
1-0: Swinging Strike
1-1: Swinging Strike
1-2: Strikes out swinging
Bottom of the 10th over - 0 runs, 1 hit, 0 errors, 2 left on base; Eugene 1 - Columbia 1
TOP OF THE 11TH
Eugene Vandals batting - Pitching for Columbia River Rats : RHP Mario Sánchez
Pitching: RHP Rafael Ramos
Batting: RHB Alejandro Hernández 0-0: Called Strike
0-1: Ball
1-1: Foul Ball, location: 2F
1-2: Fly out, F9 (Flyball, 9D, EV 72.5 MPH)
Batting: LHB Jejomar Mondoy 0-0: Foul Ball, location: 2F
0-1: Ground out U3 (Groundball, 34, EV 96.2 MPH)
Pinch Hitting: LHB Arturo Gallago 0-0: Ball
1-0: Swinging Strike
1-1: Ground out 6-3 (Groundball, 6, EV 97.5 MPH)
Top of the 11th over - 0 runs, 0 hits, 0 errors, 0 left on base; Eugene 1 - Columbia 1
BOTTOM OF THE 11TH
Columbia River Rats batting - Pitching for Eugene Vandals : RHP Luis Castro
Now at C: Kunimatsu Nishimura
Batting: RHB Kieran Hansen 0-0: Ball
1-0: Swinging Strike
1-1: Ball
2-1: Called Strike
2-2: Foul Ball, location: 2F
2-2: Ball
3-2: Fly out, F3 (Flyball, 34D, EV 91.2 MPH)
Batting: LHB José Ocasio 0-0: Ball
1-0: Called Strike
1-1: Called Strike
1-2: Strikes out swinging, 2-3 out at first.
Batting: RHB Francis Raffone 0-0: Called Strike
0-1: Ground out 6-3 (Groundball, 6, EV 79.4 MPH)
Bottom of the 11th over - 0 runs, 0 hits, 0 errors, 0 left on base; Eugene 1 - Columbia 1
TOP OF THE 12TH
Eugene Vandals batting - Pitching for Columbia River Rats : RHP Rafael Ramos
Batting: RHB Pakarati Girawheen 0-0: Called Strike
0-1: Ball
1-1: Foul Ball, location: 2F
1-2: Fly out, F8 (Line Drive, 8RM, EV 96.9 MPH)
Batting: RHB António Reyes 0-0: Called Strike
0-1: Ball
1-1: Ball
2-1: Ball
3-1: Fly out, F9 (Flyball, 9D, EV 101.2 MPH)
Batting: RHB Albert McBride 0-0: Called Strike
0-1: Ball
1-1: Ball
2-1: Ball
3-1: Swinging Strike
3-2: Foul Ball, location: 2F
3-2: SINGLE (Line Drive, 4M, EV 94.4 MPH)
Batting: LHB Robby Sinor 0-0: Ball
Albert McBride is caught stealing 2nd base 2-6
Top of the 12th over - 0 runs, 1 hit, 0 errors, 0 left on base; Eugene 1 - Columbia 1
BOTTOM OF THE 12TH
Columbia River Rats batting - Pitching for Eugene Vandals : RHP Luis Castro
Pitching: RHP Pi-ao Shu
Batting: RHB Dan Olson 0-0: Ball
1-0: Called Strike
1-1: Ball
2-1: Foul Ball, location: 2F
2-2: Ball
3-2: Fly out, F9 (Flyball, 89S, EV 87.5 MPH)
Batting: LHB Roderick Bonden 0-0: Foul Ball, location: 2F
0-1: Foul Ball, location: 2F
0-2: Strikes out looking
Batting: RHB Don Parker 0-0: Reached on error, E4 (Groundball, 4M, EV 101.2 MPH)
Batting: RHB Carsello Scruggins 0-0: Ball
1-0: Ball
2-0: Ball
3-0: Base on Balls
Don Parker to second
Batting: LHB DeMarvion Overshown 0-0: Foul Ball, location: 2F
0-1: Fly out, F8 (Line Drive, 8LD, EV 109.4 MPH)
Bottom of the 12th over - 0 runs, 0 hits, 1 error, 2 left on base; Eugene 1 - Columbia 1
TOP OF THE 13TH
Eugene Vandals batting - Pitching for Columbia River Rats : RHP Rafael Ramos
Pitching: RHP Gabriel Flowers
Batting: LHB Robby Sinor 0-0: Ground out U3 (Groundball, 3, EV 78.8 MPH)
Batting: RHB Chico Custardoi 0-0: Ball
1-0: Called Strike
1-1: Foul Ball, location: 2F
1-2: Ground out 1-3 (Groundball, 15S, EV 70.6 MPH)
Batting: RHB Myeong-keun Kim 0-0: Ball
1-0: Called Strike
1-1: Foul Ball, location: 2F
1-2: Fly out, F3 (Popup, 3F, EV 69.4 MPH)
Top of the 13th over - 0 runs, 0 hits, 0 errors, 0 left on base; Eugene 1 - Columbia 1
BOTTOM OF THE 13TH
Columbia River Rats batting - Pitching for Eugene Vandals : RHP Pi-ao Shu
Batting: RHB Bruno Williams 0-0: Ball
1-0: Foul Ball, location: 2F
1-1: Ball
2-1: Foul Ball, location: 2F
2-2: Strikes out swinging
Batting: RHB Kieran Hansen 0-0: SINGLE (Groundball, 4MD, EV 99.4 MPH)
Batting: LHB José Ocasio 0-0: Called Strike
0-1: Foul Ball, location: 2F
0-2: Ball
1-2: Foul Ball, location: 2F
1-2: Ball
2-2: Grounds into double play, 4-6-3 (Groundball, 4, EV 109.4 MPH)
Bottom of the 13th over - 0 runs, 1 hit, 0 errors, 0 left on base; Eugene 1 - Columbia 1
TOP OF THE 14TH
Eugene Vandals batting - Pitching for Columbia River Rats : RHP Gabriel Flowers
Batting: RHB Alejandro Hernández 0-0: Swinging Strike
0-1: Called Strike
0-2: Foul Ball, location: 2F
0-2: Strikes out swinging
Batting: LHB Jejomar Mondoy 0-0: Called Strike
0-1: Ball
1-1: Ball
2-1: Ground out 4-3 (Groundball, 4, EV 103.1 MPH)
Batting: RHB Kunimatsu Nishimura 0-0: Ball
1-0: Ground out 6-3 (Groundball, 6, EV 93.1 MPH)
Top of the 14th over - 0 runs, 0 hits, 0 errors, 0 left on base; Eugene 1 - Columbia 1
BOTTOM OF THE 14TH
Columbia River Rats batting - Pitching for Eugene Vandals : RHP Pi-ao Shu
Batting: RHB Francis Raffone 0-0: Swinging Strike
0-1: Foul Ball, location: 2F
0-2: Ball
1-2: Fly out, F8 (Flyball, 8LD, EV 89.4 MPH)
Batting: RHB Dan Olson 0-0: Ball
1-0: Foul Ball, location: 2F
1-1: Ground out 4-3 (Groundball, 4, EV 98.8 MPH)
Batting: LHB Roderick Bonden 0-0: Called Strike
0-1: Ground out U3 (Groundball, 34, EV 80.6 MPH)
Bottom of the 14th over - 0 runs, 0 hits, 0 errors, 0 left on base; Eugene 1 - Columbia 1
TOP OF THE 15TH
Eugene Vandals batting - Pitching for Columbia River Rats : RHP Gabriel Flowers
Batting: RHB Pakarati Girawheen 0-0: Foul Ball, location: 2F
0-1: Reached on error, E6 (Groundball, 6, EV 85.6 MPH)
Batting: RHB António Reyes 0-0: Called Strike
0-1: Bunted foul
0-2: Ball
1-2: Ball
2-2: Ground out 4-3 (Groundball, 4M, EV 86.9 MPH)
Pakarati Girawheen to third
Batting: RHB Albert McBride 0-0: SINGLE (Line Drive, 34, EV 105.0 MPH)
Pakarati Girawheen scores
Pitching: LHP Kevin MacIvor
Batting: LHB Robby Sinor 0-0: Swinging Strike
0-1: Foul Ball, location: 2F
0-2: Ball
1-2: Ball
2-2: Ball
3-2: Fielders Choice at 2nd, 4-6 (Groundball, 4, EV 105.0 MPH)
Batting: RHB Chico Custardoi 0-0: Fielders Choice at 2nd, 6-4 (Groundball, 6, EV 102.5 MPH)
Top of the 15th over - 1 run, 1 hit, 1 error, 1 left on base; Eugene 2 - Columbia 1
BOTTOM OF THE 15TH
Columbia River Rats batting - Pitching for Eugene Vandals : RHP Pi-ao Shu
Batting: RHB Don Parker 0-0: Foul Ball, location: 2F
0-1: SINGLE (Line Drive, 89S, EV 94.4 MPH)
Pitching: RHP Juan Sánchez
Batting: RHB Carsello Scruggins 0-0: Called Strike
0-1: Called Strike
0-2: Strikes out looking
Batting: LHB DeMarvion Overshown 0-0: Ball
1-0: Called Strike
1-1: Ball
2-1: Foul Ball, location: 2F
2-2: Foul Ball, location: 2F
2-2: Ball
3-2: Grounds into double play, 4-6-3 (Groundball, 34, EV 78.1 MPH)
Bottom of the 15th over - 0 runs, 1 hit, 0 errors, 0 left on base; Eugene 2 - Columbia 1
Thursday, January 23rd, 2020 - OOTP Baseball 20.8 Build 74